General information
- name: BNet
- type: Ladder 1vs1/FFA
- host: Battle.net
- saver: Ghocher
map: SecretValley
- players: 2
- length: 18:37
- speed: Fast
- version: 1.23 W3XP
- replay type: Public
» download(58 KB)
Players
team 1 (winner)
Ghocher (
blue | 72 APM | 1348 actions | 18:36)
6 Far Seer
3 Feral Spirit
1 Far Sight
1 Chain Lighting
1 Earth Quake
2 Pandaren Brewmaster
1 Breath of Fire
1 Drunken Haze
» actions
| Assign group hotkey | 48 | |
| Basic commands | 105 | |
| Build / train | 48 | |
| ESC pressed | 1 | |
| Enter build submenu | 12 | |
| Enter hero's abilities submenu | 8 | |
| Give item / drop item | 1 | |
| Right click | 378 | |
| Select / deselect | 295 | |
| Select group hotkey | 403 | |
| Use ability | 49 | |
1348 total
» units
| Peon | 7 | |
| Grunt | 9 | |
| Troll Headhunter/Berserker | 5 | |
| Wind Rider | 9 | |
30 total
» upgrades
| Berserker Strength | 1 | |
| Armor | 1 | |
2 total
» buildings
| Altar of Storms | 1 | |
| Orc Burrow | 5 | |
| Barracks | 1 | |
| Stronghold | 1 | |
| War Mill | 1 | |
| Watch Tower | 1 | |
| Beastiary | 1 | |
| Voodoo Lounge | 1 | |
| Fortress | 1 | |
13 total
» build order
00:03 Altar of Storms
00:04 Orc Burrow
00:48 Barracks
01:28 Orc Burrow
03:19 Stronghold
03:21 War Mill
03:23 Orc Burrow
04:50 Watch Tower
05:48 Beastiary
06:04 Voodoo Lounge
07:41 Orc Burrow
12:02 Fortress
12:04 Orc Burrow
» items
| Healing Salve | 2 | |
| Scroll of Town Portal | 1 | |
| Potion of Mana | 1 | |
4 total
team 2 (loser)
Tongue (
red | 53 APM | 989 actions | 18:34)
6 Mountain King
3 Storm Bolt
2 Bash
1 Avatar
» actions
| Assign group hotkey | 61 | |
| Basic commands | 11 | |
| Build / train | 84 | |
| Enter build submenu | 18 | |
| Enter hero's abilities submenu | 6 | |
| Remove unit from queue | 1 | |
| Right click | 469 | |
| Select / deselect | 232 | |
| Select group hotkey | 43 | |
| Use ability | 64 | |
989 total
» units
| Peasant | 20 | |
| Footman | 10 | |
| Rifleman | 14 | |
| Sorceress | 11 | |
55 total
» buildings
| Altar of Kings | 1 | |
| Barracks | 1 | |
| Farm | 6 | |
| Scout Tower | 1 | |
| Arcane Tower | 1 | |
| Keep | 1 | |
| Lumber Mill | 1 | |
| Arcane Vault | 2 | |
| Blacksmith | 1 | |
| Arcane Sanctum | 1 | |
| Town Hall | 2 | |
| Guard Tower | 1 | |
19 total
» build order
00:05 Altar of Kings
00:24 Barracks
00:44 Farm
00:53 Farm
01:47 Farm
02:42 Scout Tower
03:23 Arcane Tower
03:28 Keep
03:51 Lumber Mill
04:16 Arcane Vault
04:49 Farm
05:11 Blacksmith
06:19 Arcane Sanctum
07:36 Farm
08:13 Town Hall
08:28 Town Hall
08:44 Farm
11:18 Guard Tower
12:31 Arcane Vault
16:43 Guard Tower
» items
| Scroll of Regeneration | 2 | |
| Ivory Tower | 9 | |
| Potion of Mana | 3 | |
| Lesser Clarity Potion | 1 | |
| Potion of Healing | 3 | |
18 total
Chat log
(00:16 / All) Tongue: gl
(00:21 / All) Ghocher: gl hf
(07:49 / All) Ghocher: one second please
(07:52 / All) Tongue: go
(08:19 / All) Ghocher: bah, door now. sorry
(08:22 / All) Tongue: yes
(18:32 / All) Ghocher: really gg